 Dungeon Crawl Stone Soup version 0.31-a0-37-g98a128e1d9 (webtiles) character file.

Game seed: 10037513698673661808

56 senseless the Trooper (level 3, -2/29 HPs)
             Began as a Mummy Fighter on May 15, 2023.
             Was an Initiate of Okawaru.
             Slain by Grinder (3 damage)
             ... on level 3 of the Dungeon.
             The game lasted 00:04:35 (2171 turns).

senseless the Trooper (Mummy Fighter)               Turns: 2171, Time: 00:04:35

Health: -2/29      AC:  9    Str: 21    XL:     3   Next: 69%
Magic:  3/3        EV:  7    Int:  7    God:    Okawaru [......]
Gold:   205        SH:  4    Dex: 11    Spells: 2/2 levels left

rFire   x . .        g - +2 spear (heavy)
rCold   + . .        c - +0 buckler
rNeg    + + +        j - +0 chain mail
rPois   ∞            (no helmet)
rElec   .            (no cloak)
rCorr   .            (no gloves)
SInv    .            (no boots)
Will    .....        (no amulet) Stlth
                     (no ring)
HPRegen 0.24/turn    (no ring)
MPRegen 0.08/turn

%: faith
@: no status effects
A: cold resistance 1, negative energy resistance 3, torment resistance 2, heat
vulnerability 1, in touch with death 1, no potions, faith
a: Renounce Religion


You were on level 3 of the Dungeon.
You worshipped Okawaru.
Okawaru was noncommittal.
You visited 1 branch of the dungeon, and saw 3 of its levels.

You collected 205 gold pieces.

Inventory:

Hand Weapons
 a - a +0 war axe
 g - a +2 heavy spear (weapon)
Missiles
 n - 3 curare-tipped darts (quivered)
 o - 4 poisoned darts
Armour
 c - a +0 buckler (worn)
 j - a +0 chain mail (worn)
Scrolls
 b - a scroll of identify
 d - 3 scrolls of noise
 e - a scroll of magic mapping {unknown}
 f - a scroll of summoning {unknown}
 h - 2 scrolls of enchant armour
 i - a scroll of silence {unknown}
 k - a scroll of blinking {unknown}
 l - a scroll of amnesia {unknown}
 m - a scroll of teleportation {unknown}


   Skills:
 + Level 3.4 Fighting
 + Level 2.1 Axes
 + Level 2.9 Armour
 + Level 2.8 Shields


You had 2 spell levels left.
You didn't know any spells.
Your spell library contained the following spells:

 Spells                   Type           Power      Damage    Failure   Level
 Dazzling Flash           Conj/Hex       0%         N/A       100%        3
 Volatile Blastmotes      Fire/Tloc      0%         2d10      100%        3
 Iskenderun's Mystic Bla  Conj/Tloc      0%         2d3       100%        4
 Starburst                Conj/Fire      0%         6d3       100%        6
 Summon Small Mammal      Summ           Unusable   N/A       N/A         1
 Call Canine Familiar     Summ           Unusable   N/A       N/A         3
 Summon Guardian Golem    Hex/Summ       Unusable   N/A       N/A         3

Dungeon Overview and Level Annotations

Branches:
Dungeon (3/15)

Altars:
Okawaru
Xom

Shops:
D:3 *

Annotations:
D:3 Grinder


Innate Abilities, Weirdness & Mutations

You are immune to poison.
Your flesh is cold resistant. (rC+)
You are immune to negative energy. (rN+++)
You are immune to unholy pain and torment.
You are vulnerable to heat. (rF-)
You are in touch with the powers of death.
You do not drink.
You have a special connection with the divine. (Faith)


Message History

Found a scale mail.
An adder comes into view.
You reach to attack!
You hit the rat.
You kill the rat!
You hit the adder.
The adder is heavily wounded.
You block the adder's attack. The adder barely misses you.
You hit the adder but do no damage.
The adder is heavily wounded.
The adder bites you but does no damage. The adder barely misses you.
You hit the adder.
You kill the adder!
Okawaru accepts your kill.
Grinder comes into view.
Grinder shouts!
Grinder is nearby!
You puncture Grinder!
Grinder is lightly wounded.
Grinder hits you.
You can't drink.
You hit Grinder.
Grinder is moderately wounded.
Grinder drinks a potion.
Grinder flickers and vanishes!
Deactivating autopickup; reactivate with Ctrl-A.
Something hits you but does no damage.
No target in view!
You hit something. Something hits you.
You barely miss something. Something hits you!
Something hits you but does no damage.
You barely miss something. Something hits you!
* * * LOW HITPOINT WARNING * * *
Something hits you.
* * * LOW HITPOINT WARNING * * *
You hit something. Something hits you.
* * * LOW HITPOINT WARNING * * *
As you read the scroll labelled CIYPHO EFOBE, it crumbles to dust.
It is a scroll of identify.
h - 2 scrolls of enchant armour Something hits you.
You die...

#...# .# #.#.
#.#.## ..#.... .
## #)#..##..# ....
. # #.......#
..... #
#.###....####.....
#
#......#..........
#
##>..#.#..........
#
#..###)...††.....#
# ....
#....@{....# ...
##.###..#### ..
#.# .## ... ..
..... ..# #.[...
..# #........#
##########


There were no monsters in sight!

Vanquished Creatures
  2 adders
  8 endoplasms
  A giant cockroach (D:3)
  4 hobgoblins (D:1)
  2 quokkas (D:1)
  4 ball pythons
  4 bats (D:1)
  4 frilled lizards
  A goblin (D:3)
  2 kobolds
  3 rats
  A spectral hobgoblin (D:2)
36 creatures vanquished.

Notes
Turn   | Place    | Note
-------+----------+-------------------------------------------
     0 | D:1      | senseless the Mummy Fighter began the quest for the Orb.
     0 | D:1      | Reached XP level 1. HP: 18/18 MP: 1/1
   182 | D:1      | Reached XP level 2. HP: 10/24 MP: 2/2
   252 | D:1      | You fall into a shaft and drop 1 floor!
  1324 | D:2      | Gained mutation: You are in touch with the powers of death.
                  | [Mummy growth]
  1324 | D:2      | Reached XP level 3. HP: 26/29 MP: 3/3
  1423 | D:2      | Found a faded altar of an unknown god.
  1432 | D:2      | Prayed at the altar of an unknown god.
  1432 | D:2      | Became a worshipper of Xom of Chaos
  1754 | D:2      | XOM: cloud trail
  2046 | D:3      | Found Zin's Purification Station.
  2095 | D:3      | Found an iron altar of Okawaru.
  2095 | D:3      | XOM: 1-stop teleportation journey
  2120 | D:3      | Fell from the grace of Xom
  2120 | D:3      | Became a worshipper of Warmaster Okawaru
  2163 | D:3      | Noticed Grinder
  2170 | D:3      | HP: 1/29 [something (5)]
  2171 | D:3      | Slain by Grinder

Illustrated notes

Levels and vault maps discovered:
D:1:      dpeg_arrival_houses_and_road, layout_basic, moated_statue,
          st_stairs_1, serial_bayou_lagoon_b
D:2:      layout_loops_corners, dreamdust_ecumenical_altar_drowned_temple,
          hangedman_decor_clover_reticule
D:3:      layout_rooms, okawaru_ov_weapons_minmay, zin_purify,
          gammafunk_ghost_grave, uniq_grinder

Skill      XL: |  1  2 |
---------------+-------+-----
Axes           | 2 |  2.1
Fighting       | |  3.4
Armour         | |  2.9
Shields        | |  2.8

Action                     || total
---------------------------++-------
  Melee: War axe           ||    35
         Spear             ||    62
    Use: Scroll            ||     2
 Armour: Scale mail        ||    22
         Chain mail        ||    17
  Dodge: Dodged            ||    38
  Block: Buckler           ||    15

Table legend: (Time is in decaauts)
 A = Elapsed time spent in this place.
 B = Non-inter-level travel time spent in this place.
 C = Inter-level travel time spent in this place.
 D = Time resting spent in this place.
 E = Time spent auto-exploring this place.
 F = Levels seen in this place.
 G = Mean time per level.
                   A        B        C        D        E       F      G
               +--------+--------+--------+--------+--------+-----+--------+
         Total |   2239 |   2086 |    153 |      0 |   1767 |   3 |  746.3 |
       Dungeon |   2239 |   2086 |    153 |      0 |   1767 |   3 |  746.3 |
               +--------+--------+--------+--------+--------+-----+--------+

Top non-repeatable levels by time:
     D:1: 1221 daAuts
     D:2: 879 daAuts
     D:3: 138 daAuts
